 Dungeon Crawl Stone Soup version 0.21-a0-529-g8c7b3f5 (webtiles) character file.

86 vishdafish the Caller (level 4, -1/36 HPs)
             Began as a Draconian Summoner on Dec 11, 2017.
             Killed from afar by Natasha (3 damage)
             ... with a magic dart
             ... on level 2 of the Dungeon.
             The game lasted 00:06:27 (2259 turns).

vishdafish the Caller (Draconian Summoner)          Turns: 2259, Time: 00:06:28

Health: -1/36      AC:  5    Str: 11    XL:     4   Next: 26%
Magic:  4/8        EV: 13    Int: 16    God:
Gold:   72         SH:  0    Dex: 11    Spells: 7/8 levels left

rFire    . . .     SeeInvis .   d - +0 short sword
rCold    . . .     Gourm    .   (no shield)
rNeg     . . .     Faith    .   (armour unavailable)
rPois    .         Spirit   .   (helmet restricted)
rElec    .         Reflect  .   (no cloak)
rCorr    .         Harm     .   (no gloves)
MR       .....                  (no boots)
Stlth    ++........             (no amulet)
HPRegen  0.12/turn              (no ring)
MPRegen  0.11/turn              (no ring)

@: very slightly contaminated
A: unfitting armour, cold-blooded, AC +5
a: no special abilities


You were on level 2 of the Dungeon.
You were hungry.

You visited 1 branch of the dungeon, and saw 3 of its levels.

You collected 72 gold pieces.

Inventory:

Hand Weapons
 d - a +0 short sword (weapon)
Scrolls
 e - 4 scrolls of identify {unknown}
 j - a scroll of fog {unknown}
 l - a scroll of amnesia {unknown}
 m - a scroll of enchant weapon {unknown}
Potions
 c - a potion of might {unknown}
 h - a potion of curing {unknown}
 i - a potion of flight {unknown}
Books
 a - a book of Callings

   Spells                             Type                      Level
   a - Summon Small Mammal            Summoning                    1
   b - Call Imp                       Summoning                    2
   c - Call Canine Familiar           Summoning                    3
   d - Summon Guardian Golem          Hexes/Summoning              3
   e - Summon Lightning Spire         Summoning/Air                4
   f - Summon Ice Beast               Ice/Summoning                4
Comestibles
 b - a bread ration
 f - a meat ration
 g - 3 royal jellies
 k - a fruit


   Skills:
 + Level 2.2 Fighting
 + Level 2.8 Dodging
 - Level 1.7 Stealth
 + Level 2.8 Spellcasting
 - Level 4.0 Summonings


You had 7 spell levels left.
You knew the following spells:

 Your Spells              Type           Power        Failure   Level  Hunger
a - Summon Small Mammal   Summ           ###.         3%          1    #......


Dungeon Overview and Level Annotations

Branches:
Dungeon (3/15)

Altars:

Annotations:
D:2 Natasha


Innate Abilities, Weirdness & Mutations

Your plain brown scales are hard. (AC +5)
You cannot fit into any form of body armour.
You are cold-blooded and may be slowed by cold attacks.


Message History

Your quokka closely misses Natasha.
You closely miss Natasha.
Natasha is heavily wounded.
Your bat misses Natasha.
Your quokka closely misses Natasha.
Natasha claws you!
* * * LOW HITPOINT WARNING * * *
Your bat barely misses Natasha.
Your quokka bites Natasha.
Natasha claws your quokka!
Your quokka dies!
Your quokka's corpse disappears in a puff of smoke!
Casting: Summon Small Mammal
Confirm with . or Enter, or press ? or * to list all spells.
Your bat hits Natasha but does no damage.
Natasha claws your bat.
Your bat closely misses Natasha.
The crimson imp blinks!
Casting: Summon Small Mammal
Confirm with . or Enter, or press ? or * to list all spells.
Your bat barely misses Natasha.
Your rat bites Natasha.
Natasha stares at you and mumbles some strange words.
The magic dart hits you!
You die...

#.....<..#.# #.# #.#.#.#
#....)...#.# #.# #.#.#.#
####.###.#.# #.# #.#.#.#
#.#.....# #.# #.#.#.#
######.#.#.### #.# #...#.#####
.......#.#.#.###.##########.##...
.......#.#.#.##.............#....
.......#.#.#.##..##........##....
.......#.#.#..b)@...............#
.......#.#....rrh.....[....##.#.#
####.#.#.######>#..........##.#.#
#.#.#.#....#.#..........##.#.#
#.#.#.#.##.#5...##########.#.#
####.#.#........##.##########.#.#
............#.#.##............#.#
####.#.####...#.###############.#
####.#..............# #.#


You could see Natasha, a crimson imp, a friendly bat and 2 friendly rats.

Vanquished Creatures
  An adder (D:2)
  A worm (D:2)
  A dart slug (D:2)
  A leopard gecko (D:2)
  5 bats
  2 giant cockroaches
  A goblin (D:1)
  6 hobgoblins
  10 jackals (D:2)
  2 quokkas (D:2)
  3 frilled lizards (D:2)
  6 kobolds
  6 rats
45 creatures vanquished.

Vanquished Creatures (collateral kills)
  An iguana (D:2)
  An ooze (D:1)
  A giant cockroach (D:1)
  A goblin (D:1)
  A hobgoblin (D:1)
  A jackal (D:2)
  A quokka (D:2)
  A bat (D:1)
  A kobold (D:1)
  A rat (D:2)
10 creatures vanquished.

Grand Total: 55 creatures vanquished

Notes
Turn   | Place    | Note
-------+----------+-------------------------------------------
     0 | D:1      | vishdafish the Draconian Summoner began the quest for the Orb.
     0 | D:1      | Reached XP level 1. HP: 14/14 MP: 3/3
   139 | D:1      | Reached XP level 2. HP: 10/22 MP: 3/5
   336 | D:1      | Reached skill level 1 in Fighting
   761 | D:2      | Reached XP level 3. HP: 18/28 MP: 2/6
  1642 | D:2      | Reached XP level 4. HP: 18/36 MP: 8/8
  2126 | D:3      | Noticed Natasha
  2256 | D:2      | HP: 1/36 [Natasha (7)]
  2259 | D:2      | Killed from afar by Natasha

Vault maps used:
D:1:      scummos_arrival_forest
D:3:      cheibriados_altar_1, first_bread,
          chequers_ecumenical_altar_simple_redux, minmay_curled_crystal,
          uniq_natasha

Skill      XL: |  1  2  3 |
---------------+----------+-----
Dodging        | 2 |  2.8
Fighting       | 1 2 |  2.2
Stealth        | |  1.7
Spellcasting   | |  2.8
Summonings     | |  4.0

Action                   |  1- 3 |  4- 6 || total
-------------------------+-------+-------++-------
Melee: Unarmed           |    27 |       ||    27
       Short sword       |   164 |    21 ||   185
       Tailslap          |    12 |     1 ||    13
 Cast: Summon Small Mamm |    21 |    10 ||    31
 Stab: Sleeping          |     2 |     2 ||     4
       Distracted        |     1 |       ||     1
  Eat: Chunk             |     3 |     1 ||     4
Armor: Skin              |    85 |     8 ||    93
Dodge: Dodged            |   179 |    14 ||   193

Table legend:
 A = Spawn XP
 B = Non-spawn XP
 C = Spawn XP percentage of total XP
 D = Spawn monster count
 E = Non-spawn monster count
 F = Spawn count percentage of total count
 G = Total turns spent on level
                    A         B        C        D         E        F      G
               +---------+---------+-------+---------+---------+-------+---------
         Total |       0 |     123 |   0.0 |       0 |      55 |   0.0 |  2259
               +---------+---------+-------+---------+---------+-------+---------
           D:1 |       0 |      30 |   0.0 |       0 |      19 |   0.0 |   727
           D:2 |       0 |      91 |   0.0 |       0 |      35 |   0.0 |  1517
           D:3 |       0 |       2 |   0.0 |       0 |       1 |   0.0 |    15
               +---------+---------+-------+---------+---------+-------+---------
